 Dungeon Crawl Stone Soup version 0.26.1-11-gd32895ea62 (webtiles) character file.

Game seed: 10716362648697257504

22369 raph the Reanimator (level 12, -2/109 HPs)
             Began as a Deep Dwarf Necromancer on June 19, 2021.
             Was a Priest of Makhleb.
             Slain by a reaper
             ... wielding a +2 scythe of freezing
              (25 damage)
             ... on level 3 of the Abyss.
             The game lasted 01:02:08 (25661 turns).

raph the Reanimator (Deep Dwarf Necromancer)       Turns: 25661, Time: 01:02:08

Health: -2/109     AC: 12    Str: 19    XL:     12   Next: 62%
Magic:  22/22      EV: 19    Int: 19    God:    Makhleb [***...]
Gold:   508        SH:  6    Dex: 19    Spells: 6/24 levels left

rFire    . . .     SeeInvis .   a - +4 broad axe of Cahuts {vorpal, Str+5}
rCold    . . .     Faith    .   H - +0 buckler {AC+3}
rNeg     . . .     Spirit   .   B - +0 steam dragon scales
rPois    .         Reflect  .   (no helmet)
rElec    .         Harm     .   q - +0 cloak
rCorr    .         Rampage  .   p - +1 pair of gloves
Will     +....                  j - +0 pair of boots
Stlth    +++++.....             (no amulet)
HPRegen  0.00/turn              x - +6 ring of dexterity
MPRegen  0.18/turn              S - ring of stealth

@: about to teleport, non-regenerating
A: damage resistance, heal wounds, sense surroundings 2, no regeneration
a: Heal Wounds, Renounce Religion, Minor Destruction, Lesser Servant of Makhleb


You were on level 3 of the Abyss.
You worshipped Makhleb.
Makhleb was most pleased with you.
You visited 2 branches of the dungeon, and saw 14 of its levels.
You visited the Abyss 1 time.
You also visited: Sewer and Bailey.

You collected 908 gold pieces.
You spent 400 gold pieces at shops.

Inventory:

Hand Weapons
 a - the +4 broad axe of Cahuts (weapon) {vorpal, Str+5}
   (You found it on level 3 of the Lair of Beasts)

   It inflicts extra damage upon your enemies.
   It affects your strength (+5).
 k - the +10 rapier "Ihyx Tya" {vorpal, *Rage +Rage Will++ Int+4}
   (You found it on level 4 of the Lair of Beasts)

   It inflicts extra damage upon your enemies.
   It affects your intelligence (+4).
   It affects your willpower, your defense against some magical effects.
   It lets you go berserk.
   It may make you go berserk in combat.
 v - a +1 dagger of distortion
 V - a +5 spear
 X - a +0 war axe
Missiles
 e - 57 poisoned darts
 y - 2 boomerangs of dispersal
Armour
 j - a +0 pair of boots (worn)
 p - a +1 pair of gloves (worn)
 q - a +0 cloak (worn)
 B - +0 steam dragon scales (worn)
 H - a +0 buckler of protection (worn)
Magical Staves
 b - an uncursed staff of death
Jewellery
 w - a +4 ring of evasion
 x - a +6 ring of dexterity (left hand)
 D - an uncursed ring of resist corrosion
 J - an uncursed ring of stealth
 N - a +4 ring of slaying
 S - a ring of stealth (right hand)
 W - an uncursed ring of willpower
 Y - the ring of the Rabble {+Inv rElec rPois Dex-5}
   (You found it on level 4 of the Lair of Beasts)

   [ring of poison resistance]

   It affects your dexterity (-5).
   It insulates you from electricity.
   It protects you from poison.
   It lets you turn invisible.
 Z - a +6 ring of intelligence
Wands
 o - a wand of random effects (14)
 A - a wand of paralysis (19)
 C - a wand of flame (4)
 K - a wand of digging (6)
 M - a wand of iceblast (7)
 O - a wand of polymorph (5)
Scrolls
 c - a scroll of teleportation
 d - 4 scrolls of blinking
 i - 6 scrolls of fog
 l - 6 scrolls of magic mapping
 r - 6 scrolls of fear
 t - 6 scrolls of remove curse
 z - 3 scrolls of enchant weapon
 F - 11 scrolls of identify
 P - 5 scrolls of amnesia
Potions
 f - 5 potions of might
 g - a potion of brilliance
 h - 4 potions of attraction
 m - 2 potions of flight
 n - 6 potions of curing
 s - 3 potions of magic
 u - 4 potions of haste
 E - 2 potions of mutation
 I - a potion of heal wounds
 Q - a potion of invisibility
 R - 2 potions of lignification
 T - a potion of berserk rage
Miscellaneous
 L - a lightning rod (4/4)
 U - a phial of floods


   Skills:
 + Level 7.1 Fighting
 + Level 9.0 Dodging
 - Level 8.3 Stealth
 - Level 4.0 Shields
 + Level 6.8 Spellcasting
 + Level 4.6 Conjurations
 + Level 12.4 Necromancy
 + Level 4.9 Fire Magic
 + Level 7.8 Invocations
 - Level 3.6 Evocations


You had 6 spell levels left.
You knew the following spells:

 Your Spells              Type           Power        Failure   Level
a - Pain                  Necr           100%         1%          1
b - Animate Skeleton      Necr           100%         1%          1
c - Vampiric Draining     Necr           26%          1%          3
d - Animate Dead          Necr           26%          1%          4
e - Agony                 Necr           52%          1%          5
f - Foxfire               Conj/Fire      96%          1%          1
g - Conjure Flame         Conj/Fire      24%          4%          3

Your spell library contained the following spells:

 Spells                   Type           Power        Failure   Level
 Apportation              Tloc           12%          11%         1
 Corona                   Hex            6%           11%         1
 Inner Flame              Hex/Fire       15%          11%         3
 Dazzling Flash           Conj/Hex       30%          12%         3
 Sticky Flame             Conj/Fire      24%          14%         4
 Ensorcelled Hibernation  Hex/Ice        12%          16%         2
 Slow                     Hex            6%           16%         2
 Confusing Touch          Hex            6%           30%         3
 Portal Projectile        Hex/Tloc       12%          30%         3
 Tukima's Dance           Hex            6%           30%         3
 Fireball                 Conj/Fire      12%          36%         5
 Cause Fear               Hex            3%           71%         4
 Leda's Liquefaction      Hex/Erth       3%           71%         4
 Silence                  Hex/Air        3%           96%         5
 Yara's Violent Unravell  Hex/Tmut       3%           96%         5
 Discord                  Hex            3%           100%        8


Dungeon Overview and Level Annotations

Branches:
Dungeon (10/15)            Temple (0/1) D:7            Lair (4/6) D:10
  Swamp (0/4) Lair:2       Spider (0/4) Lair:4          Orc (0/2) D:9
  Sewer (visited)          Bailey (visited)

Altars:
Ashenzari
Cheibriados
Dithmenos
Elyvilon
Kikubaaqudgha
Makhleb
Nemelex Xobeh
Qazlal
Sif Muna
Trog
Vehumet
Yredelemnul
Zin
The Shining One

Shops:
D:5 }   D:6 *

Annotations:
D:5 1 runed translucent door, Statics's ghost, novice OpFi


Innate Abilities, Weirdness & Mutations

You are resistant to damage.
You can heal yourself by infusing magical energy.
You passively map the area around you.
You do not regenerate.


Message History

A smoke demon comes into view.
The reaper hits you from afar with a +2 scythe of freezing!!!
The reaper freezes you!
* * * LOW HITPOINT WARNING * * *
As you read the scroll of teleportation, it crumbles to dust.
You feel strangely unstable.
You feel the power of the Abyss delaying your translocation!
The reaper hits you with a +2 scythe of freezing!!
* * * LOW HITPOINT WARNING * * *
The reaper freezes you.
There is a gateway leading deeper into the Abyss, spattered with blood here.
Tentacles burst from the starspawn's body! 2 starspawn tentacles come into view.
You feel much better. The reaper completely misses you.
The cane toad skeleton hits you!
* * * LOW HITPOINT WARNING * * *
You slice the cane toad skeleton!!
The cane toad skeleton is heavily damaged.
The reaper hits you from afar with a +2 scythe of freezing!!
You die...

### #@######.
#.Z......#
#2##.###.# #.#
.. .#
#.######.## ###
#.#..
#.......ยง
#.>#.. ..3 ....
#...#.........
#.#............


You could see a reaper and a cane toad skeleton.

Vanquished Creatures
  Snorg (D:10)
  Erolcha (D:10)
  2 hydras
  3 two-headed ogres
  Pikel (D:6)
  3 black mambas
  Joseph (D:8)
  A gargoyle (D:10)
  9 cane toads
  Maggie (D:8)
  5 komodo dragons
  A demonic crawler (Lair:4)
  2 trolls (D:10)
  Prince Ribbit (D:8)
  2 wraiths (D:10)
  A basilisk (Lair:1)
  4 wyverns
  16 yaks
  A warg (D:9)
  3 swamp worms (Lair:2)
  9 water moccasins
  8 ogres
  7 orc warriors
  2 black bears
  3 centaurs
  3 wolves (Lair:4)
  A big kobold (D:9)
  20 bullfrogs
  A wyvern zombie (D:9)
  2 wyvern skeletons (D:10)
  3 scorpions
  3 killer bees (D:6)
  A howler monkey (D:9)
  An electric eel (Lair:2)
  3 centaur zombies (D:10)
  A quasit (D:6)
  A jelly (D:7)
  5 orc priests
  A centaur skeleton (D:8)
  3 hounds
  4 iguanas
  Jessica (D:2)
  6 orc wizards
  6 hell rats
  6 worker ants
  A hound skeleton (D:4)
  A mummy (D:7)
  A howler monkey zombie (D:5)
  18 adders
  7 gnolls
  5 river rats (Sewer)
  2 shadow imps
  2 ufetubi
  3 oozes
  An adder skeleton (D:9)
  8 worms
  4 leopard geckos
  33 orcs
  8 giant cockroaches
  11 hobgoblins
  14 jackals
  4 quokkas
  9 ball pythons
  14 bats
  9 frilled lizards
  7 goblins
  A jackal skeleton (D:4)
  15 kobolds
  2 leopard gecko skeletons
  30 rats
370 creatures vanquished.

Vanquished Creatures (collateral kills)
  Maurice (D:8)
  An orc priest (D:10)
  A hell rat (Lair:1)
  A gnoll (D:6)
  An adder (D:4)
  A frilled lizard (Sewer)
  3 foxfires (Lair:1)
9 creatures vanquished.

Vanquished Creatures (others)
  84 foxfires
  6 fungi
  25 plants
  2 starspawn tentacles (Abyss:3)
117 creatures vanquished.

Grand Total: 496 creatures vanquished

Notes
Turn   | Place    | Note
-------+----------+-------------------------------------------
     0 | D:1      | raph the Deep Dwarf Necromancer began the quest for the
                  | Orb.
     0 | D:1      | Reached XP level 1. HP: 15/15 MP: 3/3
   296 | D:1      | Reached XP level 2. HP: 22/22 MP: 0/4
   345 | D:1      | Reached skill level 5 in Necromancy
   759 | D:1      | Learned a level 1 spell: Animate Skeleton
   931 | D:1      | Reached XP level 3. HP: 25/28 MP: 3/5
   935 | D:1      | Learned a level 3 spell: Vampiric Draining
  1928 | D:2      | Found a shimmering blue altar of Sif Muna.
  1928 | D:2      | Noticed Jessica
  1937 | D:2      | Killed Jessica
  1938 | D:2      | Reached skill level 6 in Necromancy
  1938 | D:2      | Reached XP level 4. HP: 27/36 MP: 1/6
  1985 | D:2      | Identified Sif Muna's Tome of the Voyage
  2039 | D:2      | Found a bloodstained altar of Trog.
  3064 | D:3      | Reached XP level 5. HP: 42/42 MP: 0/7
  3234 | D:3      | Found a glowing drain.
  3260 | Sewer    | Entered a sewer
  3727 | Sewer    | Reached skill level 7 in Necromancy
  4250 | Sewer    | Reached skill level 1 in Fighting
  4250 | Sewer    | Reached XP level 6. HP: 37/51 MP: 4/9
  4279 | Sewer    | Learned a level 4 spell: Animate Dead
  5411 | D:3      | Found a shadowy altar of Dithmenos.
  5411 | D:3      | Found a sparkling altar of Nemelex Xobeh.
  5412 | D:3      | Found a broken altar of Ashenzari.
  5930 | D:3      | Reached XP level 7. HP: 56/57 MP: 10/10
  8206 | D:5      | Entered Level 5 of the Dungeon
  8308 | D:5      | Reached skill level 8 in Necromancy
  8494 | D:5      | Found Hakadigh's Gadget Emporium.
  8510 | D:5      | Bought a wand of acid (6) for 200 gold pieces
  8530 | D:5      | Found a runed translucent door.
  8535 | D:5      | Noticed Statics's ghost (novice OpFi)
  8786 | D:6      | Found Wotug's Assorted Antiques.
  9364 | D:6      | Reached XP level 8. HP: 55/68 MP: 4/12
  9781 | D:6      | Found a burning altar of Makhleb.
  9791 | D:6      | Became a worshipper of Makhleb the Destroyer
  9841 | D:6      | Reached skill level 5 in Stealth
  9984 | D:6      | Learned a level 5 spell: Agony
 10083 | D:6      | Found an ancient bone altar of Kikubaaqudgha.
 10099 | D:6      | Noticed Pikel
 10170 | D:6      | Killed Pikel
 10171 | D:6      | Reached skill level 5 in Dodging
 10171 | D:6      | Reached skill level 9 in Necromancy
 10614 | D:7      | Found a flagged portal.
 10711 | D:6      | Gained mutation: You passively map the area around you.
                  | [Deep Dwarf growth]
 10711 | D:6      | Reached XP level 9. HP: 37/76 MP: 2/15
 10907 | Bailey   | Entered a bailey
 11149 | D:7      | Found a radiant altar of Vehumet.
 11655 | D:7      | Found a glowing golden altar of the Shining One.
 11660 | D:7      | Found a basalt altar of Yredelemnul.
 11662 | D:7      | Noticed a profane servitor
 11713 | D:7      | Reached skill level 10 in Necromancy
 11724 | D:7      | Reached * piety under Makhleb
 11961 | D:7      | Found a snail-covered altar of Cheibriados.
 12100 | D:7      | Found a staircase to the Ecumenical Temple.
 12401 | D:7      | Learned a level 1 spell: Foxfire
 12454 | D:7      | Noticed an angel
 12677 | D:8      | Noticed Maggie
 12694 | D:8      | Killed Maggie
 12695 | D:8      | Reached skill level 1 in Fire Magic
 12961 | D:8      | Noticed Prince Ribbit
 13065 | D:8      | Noticed Maurice
 13316 | D:8      | Noticed a two-headed ogre
 13321 | D:8      | Reached skill level 1 in Invocations
 13321 | D:8      | Reached skill level 1 in Evocations
 13376 | D:7      | Killed a two-headed ogre
 13377 | D:7      | Reached XP level 10. HP: 48/87 MP: 2/17
 13485 | D:8      | Killed Prince Ribbit
 13701 | D:8      | Noticed Joseph
 13955 | D:8      | Killed Maurice
 13956 | D:8      | Reached skill level 5 in Spellcasting
 14056 | D:8      | Killed Joseph
 14057 | D:8      | Reached skill level 11 in Necromancy
 14405 | D:8      | Found a stormy altar of Qazlal.
 14621 | D:8      | Noticed a skeletal warrior
 14621 | D:8      | Noticed a skeletal warrior
 14625 | D:8      | Noticed a skeletal warrior
 14728 | D:8      | Noticed a skeletal warrior
 15382 | D:9      | Noticed a two-headed ogre
 15389 | D:9      | Killed a two-headed ogre
 15390 | D:9      | Reached skill level 5 in Fighting
 15390 | D:9      | Reached skill level 1 in Shields
 15571 | D:9      | Found a staircase to the Orcish Mines.
 16034 | D:8      | Noticed a skeletal warrior
 16112 | D:9      | Found a white marble altar of Elyvilon.
 16584 | D:9      | Learned a level 3 spell: Conjure Flame
 17170 | D:9      | Found a glowing silver altar of Zin.
 17339 | D:5      | Bought a wand of digging (6) for 200 gold pieces
 17544 | D:10     | Entered Level 10 of the Dungeon
 17548 | D:10     | Noticed a gargoyle
 17613 | D:10     | Noticed a two-headed ogre
 17620 | D:10     | Killed a two-headed ogre
 17621 | D:10     | Reached skill level 1 in Conjurations
 17785 | D:10     | Reached ** piety under Makhleb
 17786 | D:10     | Reached XP level 11. HP: 56/96 MP: 19/19
 17893 | D:10     | Found a staircase to the Lair.
 18867 | D:10     | Noticed Snorg
 18873 | D:10     | Killed Snorg
 18874 | D:10     | Reached skill level 5 in Invocations
 18917 | D:10     | Noticed Erolcha
 18930 | D:10     | Killed Erolcha
 19715 | Lair:1   | Entered Level 1 of the Lair of Beasts
 21642 | Lair:1   | Reached skill level 12 in Necromancy
 21963 | Lair:2   | Reached XP level 12. HP: 106/106 MP: 8/21
 22588 | Lair:2   | Reached *** piety under Makhleb
 23068 | Lair:2   | Found a staircase to the Swamp.
 23854 | Lair:3   | Got an encrusted broad axe
 23855 | Lair:3   | Identified the +4 broad axe of Cahuts {vorpal, Str+5} (You
                  | found it on level 3 of the Lair of Beasts)
 24117 | Lair:3   | Noticed a seven-headed hydra
 24127 | Lair:3   | Killed an eight-headed hydra
 24879 | Lair:4   | Noticed a seven-headed hydra
 24902 | Lair:4   | Killed a seven-headed hydra
 25092 | Lair:4   | Got a steaming copper ring
 25094 | Lair:4   | Identified the ring of the Rabble {+Inv rElec rPois Dex-5}
                  | (You found it on level 4 of the Lair of Beasts)
 25187 | Lair:4   | Found a hole to the Spider Nest.
 25569 | Lair:4   | Got a crude rapier
 25570 | Lair:4   | Identified the +10 rapier "Ihyx Tya" {vorpal, *Rage +Rage
                  | Will++ Int+4} (You found it on level 4 of the Lair of
                  | Beasts)
 25605 | Lair:4   | Cast into level 3 of the Abyss (unwielding a weapon of
                  | distortion)
 25620 | Abyss:3  | Identified a scroll of acquirement
 25620 | Abyss:3  | Acquired a +4 ring of evasion
 25638 | Abyss:3  | Noticed a tentacled starspawn
 25646 | Abyss:3  | Noticed a reaper
 25661 | Abyss:3  | Slain by a reaper

Illustrated notes

Levels and vault maps discovered:
D:1:      dpeg_arrival_leaves_temple_mockup, layout_basic, serial_forest,
          infiniplex_forest_clump_cross, infiniplex_forest_lined_3_way,
          infiniplex_forest_fountain, infiniplex_forest_lined_room_,
          infiniplex_forest_diagonal, infiniplex_forest_end_1,
          infiniplex_forest_clump_tiny, kennysheep_nondescript,
          minmay_pentomino_p4
D:2:      layout_basic, nzn_overflow_gifts_of_might_and_magic
D:3:      layout_loops_ring, gammafunk_temple_overflow_claw,
          portal_sewer_entry_e, wad_orctagon
D:4:      layout_basic, corexii_corridor_pit
D:5:      layout_rooms, ebering_ghost_reflecting_pool, serial_shops, shop
D:6:      layout_rooms, lemuel_doored_altar, serial_shops, nicolae_shop_stone,
          basic_altar, serial_bayou_pond_a, uniq_pikel
D:7:      layout_loops_ring, grunt_temple_overflow_holy_war,
          vehumet_altar_wand_db, slow_altar_1, minmay_temple_entry_overgrown,
          enter_bailey_6, serial_aquarium, aquarium_bridge_square
          [aquarium_subvault_bridge, aquarium_subvault_wall,
          aquarium_subvault_bridge, aquarium_subvault_balcony],
          aquarium_bridge_square [aquarium_subvault_bridge,
          aquarium_subvault_wall, aquarium_subvault_bridge,
          aquarium_subvault_wall], aquarium_window_1, aquarium_window_2,
          aquarium_view_2d, aquarium_balcony_3a, aquarium_pool_corner
D:8:      layout_cave_pools, nicolae_qazlal_eye_of_the_storm,
          grunt_decor_arrowhead, uniq_maggie, uniq_joseph, uniq_maurice,
          uniq_prince_ribbit1
D:9:      layout_loops_ring, zin_scriptorium, elyvilon_altar_1,
          david_orc_1_choice, serial_co_window_serial,
          co_window_of_opportunity_a, co_window_paths_a, co_window_corner_a,
          co_window_cross_1, co_window_paths_a, co_window_unsneaky_path_c,
          co_window_of_opportunity_b, co_window_corner_b, co_window_paths_d,
          glass_columns_c, glass_columns_a, glass_columns_a
D:10:     layout_basic, dpeg_oklobed_lair, uniq_erolcha, uniq_snorg
Lair:1:   beast_lair_carwin_large_2, layout_regular_city, grunt_megastairs_3
Lair:2:   layout_long_grid, nicolae_swamp_entry_splash_gauntlet
Lair:3:   layout_cave_shapes, serial_bayou_pond_a
Lair:4:   cheibrodos_lair_river_kwai, layout_regular_city,
          nicolae_spider_entry_non_spiders, serial_rivers,
          chequers_serial_rivers_micro_a, chequers_serial_rivers_room_b,
          chequers_serial_rivers_small_a, chequers_serial_rivers_small_3,
          chequers_serial_rivers_small_b
Abyss:3:  base: D:10, nicolae_abyss_rune_left_handed

Skill      XL: |  1  2  3  4  5  6  7  8  9 10 11 12 |
---------------+-------------------------------------+-----
Necromancy     | 5 6 7 8 9 10 11 12 | 12.4
Spellcasting   | 2 3 4 5 6 |  6.8
Stealth        | 3 4 6 7 8 |  8.3
Fighting       | 1 2 3 4 5 6 7 |  7.1
Dodging        | 3 4 5 6 7 8 9 |  9.0
Fire Magic     | 1 2 3 4 |  4.9
Invocations    | 2 4 6 7 |  7.8
Evocations     | 2 3 |  3.6
Shields        | 2 4 |  4.0
Conjurations   | 1 3 4 |  4.6

Action                   |  1- 3 |  4- 6 |  7- 9 | 10-12 || total
-------------------------+-------+-------+-------+-------++-------
Melee: Dagger            |     7 |       |       |       ||     7
       Spear             |       |   104 |   170 |   204 ||   478
       Staff             |       |       |       |   166 ||   166
       Broad axe         |       |       |       |    30 ||    30
Throw: Dart              |       |       |    17 |       ||    17
 Cast: Pain              |    60 |   111 |    49 |    76 ||   296
       Animate Skeleton  |     3 |    15 |     5 |     4 ||    27
       Vampiric Draining |     1 |    24 |    96 |   171 ||   292
       Animate Dead      |       |     3 |     2 |     4 ||     9
       Foxfire           |       |       |       |    51 ||    51
       Agony             |       |       |       |    28 ||    28
       Conjure Flame     |       |       |       |     6 ||     6
Invok: Minor Destruction |       |       |       |     3 ||     3
       Lesser Servant of |       |       |       |     2 ||     2
 Abil: Heal Wounds       |       |       |     1 |       ||     1
Evoke: Wand              |       |       |     5 |    18 ||    23
       Lightning rod     |       |       |       |     4 ||     4
  Use: Scroll            |       |    16 |     8 |     9 ||    33
       Potion            |       |     2 |     3 |     2 ||     7
 Stab: Sleeping          |     3 |     1 |     8 |     7 ||    19
Armor: Robe              |     6 |    53 |    39 |       ||    98
       Steam dragon scal |       |       |    10 |   143 ||   153
Dodge: Dodged            |    18 |   143 |   220 |   480 ||   861
Block: Buckler           |       |       |       |   153 ||   153
